 Dungeon Crawl Stone Soup version 0.23.2-1-ga50397a (webtiles) character file.

Game seed: 498507319777870380

639600 davaitedunem the Conqueror (level 27, -11/298 HPs)
             Began as a Deep Dwarf Fighter on May 17, 2019.
             Was the Champion of Makhleb.
             Mangled by an Orb Guardian (50 damage)
             ... on level 5 of the Realm of Zot on May 20, 2019.
             The game lasted 06:09:09 (49966 turns).

davaitedunem the Conqueror (Deep Dwarf Fighter)    Turns: 49966, Time: 06:09:09

Health: -11/298    AC: 18    Str: 30    XL:     27
Magic:  3/3        EV: 16    Int:  8    God:    Makhleb [******]
Gold:   5792       SH:  0    Dex: 10    Spells: 26/26 levels left

rFire    + + .     SeeInvis .   (weapon currently unavailable)
rCold    + + .     Gourm    .   (shield currently unavailable)
rNeg     + + +     Faith    .   (armour currently unavailable)
rPois    ∞         Spirit   .   (helmet currently unavailable)
rElec    +         Reflect  .   (cloak currently unavailable)
rCorr    +         Harm     .   (gloves currently unavailable)
MR       ++++.                  (boots currently unavailable)
Stlth    +.........             (amulet currently unavailable)
HPRegen  0.00/turn              (ring currently unavailable)
MPRegen  0.08/turn              (ring currently unavailable)

@: wisp-form, berserk cooldown, flying, held, non-regenerating, hasted and
slowed, heavily drained, quick
A: tiny, damage resistance, heal wounds, blurry vision 1, clumsy 1,
deterioration 2, dopey 2, low mp 3, negative energy resistance 1, sense
surroundings 3, no potion heal 1, subdued magic 1, no regeneration
}: 3/15 runes: decaying, serpentine, silver
a: Heal Wounds, Minor Destruction, Lesser Servant of Makhleb, Major Destruction,
Greater Servant of Makhleb, Renounce Religion


You were on level 5 of the Realm of Zot.
You worshipped Makhleb.
Makhleb was exalted by your worship.
You were not hungry.
You were an insubstantial wisp.
You visited 10 branches of the dungeon, and saw 50 of its levels.
You also visited: Sewer.

You collected 9240 gold pieces.
You spent 3448 gold pieces at shops.

Inventory:

Hand Weapons
 L - the +8 whip "Snakebite" {curare, rPois}
   (You found it on level 5 of the Lair of Beasts)

   It poisons the flesh of those it strikes.
   It protects you from poison.
 M - the +8 broad axe of Dejom (melded) {venom, *Rage +Rage rC+ Str+2}
   (You found it on level 5 of the Vaults)

   It poisons the flesh of those it strikes.
   It affects your strength (+2).
   It protects you from cold.
   It lets you go berserk.
   It may make you go berserk in combat.
Armour
 b - a +4 large shield (melded)
 i - the +0 cloak of Vehumet's Vengeance (melded) {rC++ SInv}
   (You acquired it on level 2 of the Depths)

   It greatly protects you from cold.
   It lets you see invisible.
 E - a +2 pair of boots of flying (melded)
 N - the +3 pair of gauntlets of War (melded) {Slay+5}
   (You bought it in a shop on level 2 of the Orcish Mines)

   It affects your accuracy and damage with ranged weapons and melee attacks
   (+5).
 R - the +1 helmet of Insurance (melded) {rF+ Int+4}
   (You found it on level 1 of the Lair of Beasts)

   It affects your intelligence (+4).
   It protects you from fire.
 Y - the +3 plate armour of the Alphagorgon (melded) {Str+4}
   (You found it on level 3 of the Elven Halls)

   It affects your strength (+4).
Jewellery
 y - the ring of the Middle (melded) {rPois rC+}
   (You found it on level 5 of the Vaults)

   [ring of poison resistance]

   It protects you from cold.
   It protects you from poison.
 K - the ring "Wotiyrph" (melded) {*Drain rF+ Str+4 Dex-6 Slay+3}
   (You found it on level 2 of the Depths)

   [ring of dexterity]

   It affects your strength (+4).
   It affects your dexterity (-6).
   It affects your accuracy and damage with ranged weapons and melee attacks
   (+3).
   It protects you from fire.
   It causes draining when unequipped.
 T - a +3 amulet of reflection (melded)
 U - the ring "Oxotaot" {rC+ Str+6}
   (You bought it in a shop on level 13 of the Dungeon)

   [ring of strength]

   It affects your strength (+6).
   It protects you from cold.
Wands
 j - a wand of disintegration (12)
 p - a wand of paralysis (45)
 P - a wand of digging (21)
Scrolls
 e - 26 scrolls of remove curse
 g - 14 scrolls of identify
 k - 6 scrolls of amnesia
 l - 3 scrolls of enchant armour
 q - 4 scrolls of blinking
 r - 2 scrolls of summoning
 s - 6 scrolls of fog
 z - 8 scrolls of magic mapping
 A - a scroll of holy word
 C - 3 scrolls of brand weapon
 D - 4 scrolls of fear
 G - 8 scrolls of enchant weapon
 Q - 3 scrolls of silence
 S - 14 scrolls of teleportation
Potions
 a - 5 potions of haste
 c - a potion of magic
 d - 8 potions of might
 h - 8 potions of heal wounds
 m - 4 potions of invisibility
 n - 2 potions of berserk rage
 t - 7 potions of brilliance
 u - 23 potions of curing
 v - 2 potions of ambrosia
 x - 5 potions of resistance
 F - 7 potions of agility
 X - 3 potions of cancellation
Comestibles
 f - 78 rations


   Skills:
 O Level 27(25.0) Fighting
 + Level 17.7(16.1) Axes
 - Level 20.0(18.2) Armour
 + Level 21.7(20.0) Dodging
 + Level 21.9(20.1) Shields
 - Level 10.0(8.6) Invocations


You had 26 spell levels left.
You didn't know any spells.
Your spell library contained the following spells:

 Spells                   Type           Power        Failure   Level  Hunger
 Animate Skeleton         Necr           N/A          36%         1    ##.....
 Apportation              Tloc           #.....       36%         1    ##.....
 Confusing Touch          Hex            #.....       36%         1    ##.....
 Corona                   Hex            #......      36%         1    ##.....
 Flame Tongue             Conj/Fire      #....        36%         1    ##.....
 Freeze                   Ice            #...         36%         1    ##.....
 Infusion                 Chrm           #...         36%         1    ##.....
 Pain                     Necr           #...         36%         1    ##.....
 Sandblast                Erth           #.....       36%         1    ##.....
 Summon Butterflies       Summ           #.......     36%         1    ##.....
 Summon Small Mammal      Summ           #...         36%         1    ##.....
 Call Imp                 Summ           #.......     50%         2    ###....
 Corpse Rot               Necr           N/A          50%         2    ###....
 Ensorcelled Hibernation  Hex/Ice        #.....       50%         2    ###....
 Passwall                 Tmut/Erth      #.......     50%         2    ###....
 Shroud of Golubria       Chrm/Tloc      #.........   50%         2    ###....
 Song of Slaying          Chrm           #.......     50%         2    ###....
 Sublimation of Blood     Necr           #.........   50%         2    ###....
 Throw Flame              Conj/Fire      #.....       50%         2    ###....
 Throw Frost              Conj/Ice       #.....       50%         2    ###....
 Call Canine Familiar     Summ           #.......     75%         3    ####...
 Confuse                  Hex            #.......     75%         3    ####...
 Conjure Flame            Conj/Fire      #.......     75%         3    ####...
 Dazzling Spray           Conj/Hex       #.....       75%         3    ####...
 Gell's Gravitas          Tloc           #.........   75%         3    ####...
 Inner Flame              Hex/Fire       #.......     75%         3    ####...
 Lesser Beckoning         Tloc           #.........   75%         3    ####...
 Ozocubu's Armour         Chrm/Ice       #.......     75%         3    ####...
 Portal Projectile        Hex/Tloc       #.....       75%         3    ####...
 Spectral Weapon          Hex/Chrm       #.......     75%         3    ####...
 Spider Form              Tmut/Pois      #.........   75%         3    ####...
 Static Discharge         Conj/Air       #.......     75%         3    ####...
 Stone Arrow              Conj/Erth      #.....       75%         3    ####...
 Summon Guardian Golem    Hex/Summ       #.......     75%         3    ####...
 Tukima's Dance           Hex            #.......     75%         3    ####...
 Vampiric Draining        Necr           #.........   75%         3    ####...
 Animate Dead             Necr           N/A          99%         4    #####..
 Cause Fear               Hex            #.........   99%         4    #####..
 Force Lance              Conj/Tloc      #.......     99%         4    #####..
 Ice Form                 Ice/Tmut       #.......     99%         4    #####..
 Passage of Golubria      Tloc           N/A          99%         4    #####..
 Petrify                  Tmut/Erth      #.......     99%         4    #####..
 Sticky Flame             Conj/Fire      #.......     99%         4    #####..
 Summon Ice Beast         Ice/Summ       #.......     99%         4    #####..
 Summon Lightning Spire   Summ/Air       #.......     99%         4    #####..
 Throw Icicle             Conj/Ice       #.......     99%         4    #####..
 Agony                    Necr           #.......     100%        5    ######.
 Alistair's Intoxication  Tmut/Pois      #.......     100%        5    ######.
 Bolt of Draining         Conj/Necr      #.........   100%        5    ######.
 Bolt of Magma            Conj/Fire/Erth #.........   100%        5    ######.
 Dispel Undead            Necr           #.......     100%        5    ######.
 Excruciating Wounds      Chrm/Necr      #.........   100%        5    ######.
 Fireball                 Conj/Fire      #.........   100%        5    ######.
 Iskenderun's Battlesphe  Conj/Chrm      #.......     100%        5    ######.
 Lee's Rapid Deconstruct  Erth           #.........   100%        5    ######.
 Lightning Bolt           Conj/Air       #.........   100%        5    ######.
 Metabolic Englaciation   Hex/Ice        #.........   100%        5    ######.
 Silence                  Hex/Air        #.........   100%        5    ######.
 Summon Mana Viper        Hex/Summ       #.......     100%        5    ######.
 Venom Bolt               Conj/Pois      #.........   100%        5    ######.
 Yara's Violent Unravell  Hex/Tmut       #.........   100%        5    ######.
 Bolt of Cold             Conj/Ice       #.........   100%        6    #######
 Deflect Missiles         Chrm/Air       #.........   100%        6    #######
 Dispersal                Tloc           #.........   100%        6    #######
 Freezing Cloud           Conj/Ice/Air   #.........   100%        6    #######
 Invisibility             Hex            #.......     100%        6    #######
 Iron Shot                Conj/Erth      #.........   100%        6    #######
 Ozocubu's Refrigeration  Ice            #.........   100%        6    #######
 Simulacrum               Ice/Necr       #.........   100%        6    #######
 Haunt                    Necr/Summ      #.........   100%        7    #######
 Orb of Destruction       Conj           #.........   100%        7    #######
 Spellforged Servitor     Conj/Summ      #.........   100%        7    #######
 Summon Hydra             Summ           #.........   100%        7    #######
 Borgnjor's Revivificati  Necr           #.........   100%        8    #######
 Controlled Blink         Tloc           N/A          100%        8    #######
 Death's Door             Chrm/Necr      #.........   100%        8    #######
 Discord                  Hex            #.........   100%        8    #######
 Disjunction              Tloc           #.........   100%        8    #######
 Ignition                 Fire           #.........   100%        8    #######
 Infestation              Necr           #.........   100%        8    #######
 Necromutation            Tmut/Necr      #.........   100%        8    #######
 Shatter                  Erth           #.........   100%        9    #######
 Tornado                  Air            #.........   100%        9    #######
 Regeneration             Chrm/Necr      Unusable     N/A         3    N/A

Dungeon Overview and Level Annotations

Branches:
Dungeon (15/15)            Temple (1/1) D:7            Lair (6/6) D:8
  Swamp (4/4) Lair:4        Snake (4/4) Lair:4        Slime (0/5) Lair:6
    Orc (2/2) D:12            Elf (3/3) Orc:2        Vaults (5/5) D:14
  Crypt (0/3) Vaults:2     Depths (5/5) D:15            Zot (5/5) Depths:5

Altars:
Ashenzari
Cheibriados
Dithmenos
Elyvilon
Fedhas
Gozag
Hepliaklqana
Kikubaaqudgha
Makhleb
Nemelex Xobeh
Okawaru
Qazlal
Ru
Sif Muna
Trog
Uskayaw
Vehumet
Wu Jian
Xom
Yredelemnul
Zin
The Shining One
Beogh

Shops:
D:3 *   D:6 =   D:12 }   D:13 }!=   D:14 =   Orc:2 *([(   Elf:1 ?   Elf:3 [
Vaults:1 [*(:[   Vaults:4 !

Portals:
Hell: Depths:1 Depths:2 Depths:3 Depths:4 Depths:5
Abyss: Depths:2 Depths:3 Depths:4
Pandemonium: Depths:3
Ziggurat: Depths:3
Trove: Elf:2 (give 17 potions of curing)

Annotations:
D:15 1 runed translucent door
Zot:5 exclusion: orange crystal statue


Innate Abilities, Weirdness & Mutations

You are resistant to damage.
You can heal yourself by infusing magical energy.
You resist negative energy. (rN+)
You passively map a large area around you.
You do not regenerate.
Scrolls take you a little longer to read.
You are clumsy. (Dex -2)
((Armour fits poorly on your strangely shaped body.))
Your body often deteriorates upon taking damage.
You are very dopey. (Int -4)
Your magical capacity is extremely low. (-30% MP)
Potions are less effective at restoring your health.
Your spells are a little easier to cast, but a little less powerful.
((Your movements are slightly less encumbered by armour. (ER -2)))


Message History

Unknown command.
A demon appears!
The Orb Guardian hits you!!!
* * * LOW HITPOINT WARNING * * *
A moth of wrath comes into view.
The moth of wrath goads the Orb Guardian on!
The Orb Guardian goes berserk!
The Orb Guardian hits you!!
* * * LOW HITPOINT WARNING * * *
The moth of wrath goads the red draconian on!
The red draconian goes berserk!
The Killer Klown blinks!
The Killer Klown karate-kicks you with a +12 club of crushing!
* * * LOW HITPOINT WARNING * * *
The moth of wrath bites you!!
* * * LOW HITPOINT WARNING * * *
The tentacled monstrosity tentacle-slaps you but does no damage.
The tentacled monstrosity barely misses you.
The tentacled monstrosity misses you.
Okay, then.
Your system partially rejects the healing.
You feel much better. The Orb Guardian hits you!!!
You die...

*▓▓▓▓▓##8....▓▓
▓▓^........q.^...▓▓
.........^.d......▓▓ **,
...........§.......▓ * ,
,...........p........ *
*,, ....................
, ,,
,.....1.Xydd|.....).▓* ,
,, ....^.qp*y........▓▓ ,
.y..y8yvXD.......▓▓ ,
.....[X.*.........▓ ,
*,,,,......X^..$........▓
*, .................... *
,..............^.. ,,*
,................. ** *
........^....^...
*▓▓......)......▓▓
▓▓▓▓▓▓▓▓▓▓▓▓▓▓▓


You could see 2 orbs of fire, 2 Killer Klowns, an electric golem, a tentacled
monstrosity, a white draconian monk, a storm dragon (berserk), a green
draconian, a red draconian (berserk), a white draconian, 3 Orb Guardians, a
purple draconian scorcher, 5 moths of wrath and a friendly Executioner.

Vanquished Creatures
  An orb of fire (Zot:1)
  An ancient lich (Depths:3)
  Mara (Swamp:3)
  4 juggernauts
  Frederick (Depths:4)
  A Killer Klown (Zot:4)
  A curse toe (Zot:4)
  2 shard shrikes (Zot:2)
  Saint Roka (Depths:1)
  Xtahua (Depths:3)
  A caustic shrike (Depths:4)
  10 golden dragons
  A bone dragon (Zot:2)
  An electric golem (Zot:2)
  6 liches
  19 tentacled monstrosities
  The ghost of Anosyof the Impaler, an adept CeHu of Okawaru (Vaults:3)
  Asterion (Elf:1)
  A deep elf blademaster (Elf:3)
  6 titans
  An Orb Guardian (Zot:5)
  The ghost of havocjr3 the Nimble, an adept GnGl of Hepliaklqana (Swamp:4)
  2 deep elf master archers (Elf:3)
  8 quicksilver dragons
  Frances (D:14)
  The ghost of Xate the Slayer, an adept MiMo of Okawaru (Lair:4)
  2 thorn hunters
  11 death cobs
  5 sphinxes
  7 shadow dragons
  10 tengu reavers
  Donald (Swamp:2)
  5 nagarajas (Snake:4)
  3 draconian monks
  12 storm dragons
  21 fire giants
  Roxanne (Snake:1)
  7 deep elf sorcerers
  Aizul (Swamp:3)
  2 ghost moths
  20 vault wardens
  5 draconian scorchers
  22 frost giants
  8 iron dragons
  3 draconian knights
  A draconian stormcaller (Zot:3)
  2 orc warlords
  4 deep elf elementalists
  7 draconian shifters
  An angel (Depths:3)
  5 draconian annihilators
  8 very ugly things
  5 spriggan defenders
  18 ironheart preservers
  2 war gargoyles
  11 green draconians
  The ghost of Borbor the Arsonist, a journeyman DrFE of Vehumet (Lair:6)
  21 stone giants
  4 vampire knights
  A deep elf demonologist (Elf:3)
  3 entropy weavers
  6 grey draconians (Zot:4)
  A minotaur (shapeshifter) (Vaults:5)
  5 spark wasps
  8 yellow draconians
  Azrael (D:14)
  10 red draconians
  8 black draconians
  A minotaur (Lair:5)
  10 white draconians
  9 purple draconians
  4 deep elf annihilators
  2 deep elf death magi (Elf:3)
  12 ettins
  A merfolk javelineer (Depths:2)
  5 deep elf high priests
  13 fire dragons
  33 vault guards
  A fire dragon (shapeshifter) (Vaults:3)
  4 rakshasas
  A small abomination (Vaults:5)
  5 great orbs of eyes
  22 ice dragons
  10 naga warriors
  2 peacekeepers (Vaults:3)
  19 hydras
  18 yaktaur captains
  2 spriggan air magi
  A catoblepas (Lair:5)
  11 centaur warriors
  13 alligators
  3 death knights
  3 shambling mangroves
  An anaconda (shapeshifter) (Vaults:5)
  5 ghost crabs
  2 anacondas (Snake:1)
  77 two-headed ogres
  19 ogre magi
  12 deep troll earth magi
  31 dancing weapons
  4 vampire magi
  5 tengu warriors
  20 deep troll shamans
  A death yak (Lair:4)
  8 naga sharpshooters
  5 shock serpents
  23 deep elf knights
  15 hell knights
  6 spriggan berserkers
  A fire crab (shapeshifter) (Elf:1)
  3 shadow wraiths
  2 salamander mystics
  3 skeletal warriors
  9 iron trolls
  3 unseen horrors
  3 spriggan druids
  An unseen horror (shapeshifter) (Depths:4)
  A shadow dragon zombie (Depths:2)
  7 naga ritualists
  8 swamp dragons
  A spectral hydra (Swamp:4)
  29 deep trolls
  13 deep elf archers
  A tengu zombie (Depths:2)
  2 phantasmal warriors
  10 ironbrand convokers
  2 wizards (Depths:1)
  5 flayed ghosts
  11 necromancers
  4 glowing orange brains
  12 orc knights
  A lindwurm (Swamp:4)
  A wolf spider (shapeshifter) (Depths:5)
  61 deep elf magi
  A fire giant zombie (Depths:2)
  2 orc sorcerers (Vaults:3)
  5 mana vipers
  6 cyclopes
  3 manticores
  33 ugly things
  A mana viper (shapeshifter) (Vaults:4)
  A shining eye (shapeshifter) (Depths:4)
  A frost giant zombie (Depths:2)
  7 wolf spiders
  7 salamanders
  7 large abominations (Vaults:5)
  8 draconians (Zot:4)
  An iron dragon skeleton (Depths:2)
  14 moths of wrath
  17 elephants
  29 black mambas
  A water nymph (shapeshifter) (Vaults:5)
  A torpor snail (Lair:3)
  17 naga magi
  13 vault sentinels
  An eye of devastation (Vaults:4)
  3 guardian serpents
  2 gargoyles (D:15)
  A hellion (Depths:2)
  31 spiny frogs
  A redback zombie (D:15)
  A kobold demonologist (D:13)
  7 komodo dragons
  A komodo dragon (shapeshifter) (Elf:3)
  A yaktaur (shapeshifter) (Vaults:1)
  5 spectral swamp worms (Depths:1)
  6 rime drakes
  3 freezing wraiths
  44 yaktaurs
  2 hellwings (Depths:2)
  A spriggan skeleton (Depths:2)
  14 tyrant leeches
  4 tengu conjurers
  A queen bee (shapeshifter) (Vaults:4)
  A tengu simulacrum (Depths:2)
  5 trolls
  2 trolls (shapeshifter)
  4 bog bodies
  A polar bear (Lair:5)
  2 jumping spiders (shapeshifter)
  4 jumping spiders (Vaults:4)
  21 hornets
  Grinder (D:5)
  Prince Ribbit (D:7)
  A tyrant leech (shapeshifter) (Depths:4)
  A wind drake (shapeshifter) (D:14)
  A slime creature (shapeshifter) (Vaults:4)
  A dream sheep (shapeshifter) (Vaults:4)
  5 dream sheep (Lair:5)
  17 hippogriffs
  17 blink frogs
  36 slime creatures
  2 hippogriffs (shapeshifter)
  5 air elementals
  A redback (shapeshifter) (Vaults:5)
  A tarantella (Vaults:4)
  15 spriggans
  4 water elementals
  4 shadows
  43 yaks
  A hog (shapeshifter) (D:13)
  6 wraiths
  4 vampires
  16 fire elementals
  A golden eye (shapeshifter) (Vaults:3)
  A human (shapeshifter) (Vaults:2)
  2 wyverns (shapeshifter)
  6 basilisks
  4 fire bats (Swamp:4)
  13 wyverns
  3 steam dragons
  36 vampire mosquitoes
  3 hungry ghosts
  4 wargs
  19 swamp worms
  2 acid dragons
  A soldier ant (D:15)
  17 insubstantial wisps
  2 soldier ants (shapeshifter)
  29 nagas
  22 water moccasins
  A warg (shapeshifter) (Depths:1)
  2 hell hounds
  9 porcupines
  2 hydra simulacra (Swamp:4)
  6 sky beasts
  3 black bears
  A black bear (shapeshifter) (Elf:2)
  7 ice beasts
  10 swamp drakes
  An ogre (shapeshifter) (Elf:1)
  3 phantoms
  An eye of draining (shapeshifter) (Depths:1)
  33 orc warriors
  53 ogres
  14 boggarts
  An eye of draining (D:14)
  A necrophage (D:5)
  3 wolves (Lair:6)
  13 centaurs
  A spriggan simulacrum (Swamp:4)
  22 crocodiles
  A big kobold (D:11)
  36 bullfrogs
  A deep troll simulacrum (Vaults:3)
  3 wyvern zombies
  3 earth elementals (Elf:2)
  A glowing shapeshifter simulacrum (Vaults:1)
  2 scorpions
  11 killer bees
  An electric eel (Lair:6)
  15 wights
  5 howler monkeys
  3 centaur zombies
  4 bullfrog zombies
  8 crimson imps
  6 jellies
  A quasit (D:9)
  16 orc priests
  A hound (D:7)
  20 orc wizards
  A bullfrog skeleton (D:5)
  6 centaur skeletons
  An iron imp (Depths:5)
  6 iguanas
  12 worker ants
  A killer bee zombie (D:8)
  A hound zombie (D:8)
  2 howler monkey skeletons
  13 gnolls
  A river rat (shapeshifter) (Vaults:5)
  27 adders
  2 shadow imps
  12 white imps (Orc:1)
  2 swamp drake simulacra (Swamp:4)
  An ooze (shapeshifter) (Depths:2)
  8 oozes
  An adder zombie (D:5)
  An adder skeleton (D:5)
  2 worms
  5 leopard geckos
  77 orcs
  4 ball pythons
  9 bats
  3 giant cockroaches
  6 goblins
  6 hobgoblins
  21 jackals
  A quokka (D:7)
  12 frilled lizards
  A jackal skeleton (D:8)
  14 kobolds
  A quokka zombie (D:7)
  6 rats
  3 briar patches (Swamp:4)
  4 crawling corpses
  A fire vortex (Depths:2)
  12 fungi
  7 plants
2297 creatures vanquished.

Vanquished Creatures (collateral kills)
  The ghost of Pamyhut the Severer, an adept MiBe of Trog (Snake:1)
  A nagaraja (Snake:4)
  3 vault wardens
  The ghost of Hycrow the Severer, a journeyman MiBe of Trog (Lair:6)
  2 ironheart preservers (Vaults:3)
  The ghost of bmj180 the Earth Mage, a journeyman GrEE of Vehumet (Lair:6)
  A stone giant (Vaults:3)
  A fire dragon (Vaults:3)
  3 vault guards
  4 hydras
  15 two-headed ogres
  A naga warrior (Snake:3)
  A centaur warrior (Vaults:3)
  5 dancing weapons
  5 ogre magi
  A naga sharpshooter (Snake:3)
  3 deep elf knights
  3 naga ritualists
  A glowing orange brain (Vaults:3)
  2 deep trolls (Orc:2)
  2 ironbrand convokers
  A lindwurm (Lair:6)
  A mana viper (Snake:3)
  2 orc knights
  A wolf spider (Vaults:3)
  13 deep elf magi
  2 salamanders (Snake:3)
  A cyclops (Orc:2)
  3 elephants (Lair:4)
  6 black mambas
  3 naga magi (Snake:4)
  A vault sentinel (Vaults:3)
  A spiny frog (Lair:6)
  7 trolls (Orc:2)
  2 slime creatures (Vaults:3)
  7 blink frogs (Lair:6)
  2 air elementals (Elf:1)
  2 yaks (Lair:3)
  A water elemental (Elf:1)
  A vampire mosquito (Lair:6)
  5 nagas
  A warg (Orc:2)
  2 porcupines (Lair:3)
  A water moccasin (Lair:4)
  3 orc warriors (Orc:2)
  11 ogres
  A crocodile (Lair:6)
  A bullfrog (Lair:6)
  3 electric eels
  An orc wizard (Orc:2)
  A jelly (Lair:6)
  An ooze (Lair:6)
  3 orcs
  A fungus (Lair:2)
149 creatures vanquished.

Vanquished Creatures (others)
  A deep elf blademaster (Elf:3)
  2 thorn hunters
  A deep elf sorcerer (Elf:3)
  A stone giant (Depths:1)
  3 deep elf demonologists (Elf:3)
  A deep elf annihilator (Elf:3)
  A merfolk javelineer (Depths:2)
  A deep elf high priest (Elf:3)
  A deep elf death mage (Elf:3)
  4 yaktaur captains
  A fire dragon (Swamp:4)
  2 hydras (Swamp:4)
  2 centaur warriors
  2 naga sharpshooters (Snake:4)
  A deep elf knight (Elf:2)
  2 fire crabs (Swamp:4)
  A swamp dragon (Swamp:4)
  3 deep elf archers
  2 deep elf magi (D:13)
  A cyclops (Vaults:2)
  A guardian serpent (Snake:2)
  A naga mage (Snake:4)
  13 yaktaurs
  A wind drake (shapeshifter) (Vaults:2)
  A tyrant leech (Swamp:4)
  A blink frog (Lair:6)
  A slime creature (Swamp:4)
  3 steam dragons (Swamp:4)
  2 insubstantial wisps
  4 swamp drakes (Swamp:4)
  A phantom (D:11)
  2 centaurs
  2 boggarts
  A komodo dragon simulacrum (Swamp:4)
  An orc (D:14)
  A briar patch (Swamp:4)
  2 crawling corpses (Elf:3)
  26 fungi
  30 plants
127 creatures vanquished.

Grand Total: 2573 creatures vanquished

Notes
Turn   | Place    | Note
-------+----------+-------------------------------------------
     0 | D:1      | davaitedunem the Deep Dwarf Fighter began the quest for the
                  | Orb.
     0 | D:1      | Reached XP level 1. HP: 20/20 MP: 1/1
   126 | D:1      | Reached XP level 2. HP: 27/27 MP: 2/2
   328 | D:1      | Reached skill level 3 in Fighting
   894 | D:2      | Reached XP level 3. HP: 30/34 MP: 3/3
  1088 | D:2      | Reached XP level 4. HP: 39/42 MP: 4/4
  1618 | D:3      | Found Zin's Purification Station.
  1634 | D:3      | Found a glowing silver altar of Zin.
  1703 | D:3      | Noticed a phantom
  1755 | D:3      | Killed a phantom
  1755 | D:3      | Reached skill level 5 in Axes
  1755 | D:3      | Reached XP level 5. HP: 26/50 MP: 5/5
  1970 | D:3      | Reached skill level 4 in Fighting
  1978 | D:3      | Reached XP level 6. HP: 48/57 MP: 6/6
  3136 | D:5      | Entered Level 5 of the Dungeon
  3185 | D:5      | Reached XP level 7. HP: 44/66 MP: 6/6
  3306 | D:5      | Found an opulent altar of Gozag.
  3382 | D:5      | Noticed Grinder
  3404 | D:5      | Killed Grinder
  3404 | D:5      | Reached skill level 5 in Fighting
  3512 | D:5      | Reached XP level 8. HP: 69/75 MP: 6/6
  3820 | D:6      | Reached skill level 6 in Fighting
  3839 | D:6      | Found Faomuof's Jewellery Shoppe.
  3977 | D:6      | Reached skill level 10 in Axes
  4218 | D:6      | Found a glowing drain.
  4230 | Sewer    | Entered a sewer
  4463 | D:6      | Gained mutation: You passively map the area around you.
                  | [Deep Dwarf growth]
  4463 | D:6      | Reached XP level 9. HP: 27/85 MP: 5/5
  4752 | D:7      | Reached skill level 7 in Fighting
  4847 | D:7      | Noticed Prince Ribbit
  4883 | D:7      | Killed Prince Ribbit
  5102 | D:7      | Found a staircase to the Ecumenical Temple.
  5190 | D:7      | Found a shattered altar of Ashenzari.
  5193 | D:7      | Found a deep blue altar of Sif Muna.
  5279 | Temple   | Entered the Ecumenical Temple
  5514 | Temple   | Became a worshipper of Makhleb the Destroyer
  5874 | D:8      | Reached skill level 8 in Fighting
  5921 | D:8      | Reached XP level 10. HP: 49/96 MP: 6/6
  5946 | D:8      | Found a staircase to the Lair.
  5949 | D:8      | Reached * piety under Makhleb
  6149 | D:8      | Got an ancient war axe
  6153 | D:8      | Identified the +4 war axe "Yqezuigu" {drain, rElec} (You
                  | found it on level 8 of the Dungeon)
  6220 | D:8      | Found a shadowy altar of Dithmenos.
  6468 | D:8      | You fall through a shaft!
  6469 | D:9      | Found a white marble altar of Elyvilon.
  6595 | D:9      | Found a blossoming altar of Fedhas.
  6831 | D:9      | Reached skill level 9 in Fighting
  6836 | D:9      | Reached ** piety under Makhleb
  7161 | D:9      | Found the +10 zealot's sword {holy, *Rage rN+ EV+3}
  7310 | Lair:1   | Entered Level 1 of the Lair of Beasts
  7321 | Lair:1   | Noticed a black mamba
  7332 | Lair:1   | Killed a black mamba
  7367 | Lair:1   | Reached XP level 11. HP: 106/106 MP: 7/7
  7479 | Lair:1   | Got an encrusted helmet
  7490 | Lair:1   | Identified the +1 helmet of Insurance {rF+ Int+4} (You
                  | found it on level 1 of the Lair of Beasts)
  7801 | Lair:1   | Reached skill level 1 in Invocations
  7991 | Lair:2   | Reached skill level 15 in Axes
  8069 | Lair:2   | Reached skill level 10 in Fighting
  8157 | Lair:2   | Noticed a five-headed hydra
  8163 | Lair:2   | Found a gate leading to a gauntlet.
  8171 | Lair:2   | Reached *** piety under Makhleb
  8186 | Lair:2   | Killed a 14-headed hydra
  8316 | Lair:2   | Noticed a four-headed hydra
  8326 | Lair:2   | Killed a seven-headed hydra
  8326 | Lair:2   | Reached skill level 5 in Invocations
  8799 | Lair:3   | Reached XP level 12. HP: 111/118 MP: 10/10
  8904 | Lair:3   | Noticed an eight-headed hydra
  8910 | Lair:3   | Killed an eight-headed hydra
  8931 | Lair:3   | Reached skill level 11 in Fighting
  9532 | Lair:4   | Found a staircase to the Swamp.
  9644 | Lair:4   | Reached skill level 10 in Invocations
  9781 | Lair:4   | Reached skill level 12 in Fighting
  9869 | Lair:4   | Reached **** piety under Makhleb
  9909 | Lair:4   | Found a staircase to the Snake Pit.
  9997 | Lair:4   | Noticed Xate's ghost (adept MiMo)
  9998 | Lair:4   | Noticed a minotaur
 10000 | Lair:4   | Noticed a death yak
 10013 | Lair:4   | Found a runed translucent gate.
 10013 | Lair:4   | Found a runed translucent gate.
 10013 | Lair:4   | Found a runed translucent gate.
 10319 | Lair:4   | Killed Xate's ghost
 10333 | Lair:4   | Killed a death yak
 10418 | Lair:5   | Killed a minotaur
 10418 | Lair:5   | Reached XP level 13. HP: 66/130 MP: 12/12
 10464 | Lair:5   | Reached skill level 13 in Fighting
 10639 | Lair:5   | Reached skill level 5 in Armour
 11176 | Lair:5   | Found the +8 whip "Snakebite" {curare, rPois}
 11362 | Lair:6   | Entered Level 6 of the Lair of Beasts
 11491 | Lair:6   | Found a staircase to the Slime Pits.
 11845 | Lair:6   | Reached skill level 10 in Armour
 11864 | Lair:6   | Reached skill level 14 in Fighting
 11864 | Lair:6   | Gained mutation: You resist negative energy. (rN+) [Deep
                  | Dwarf growth]
 11864 | Lair:6   | Reached XP level 14. HP: 144/144 MP: 12/12
 12032 | Lair:6   | Found a runed translucent gate.
 12032 | Lair:6   | Found a runed translucent gate.
 12032 | Lair:6   | Found a runed translucent gate.
 12285 | Lair:6   | Reached ***** piety under Makhleb
 12387 | Lair:6   | Noticed Borbor's ghost (journeyman DrFE)
 12387 | Lair:6   | Noticed bmj180's ghost (journeyman GrEE)
 12387 | Lair:6   | Noticed Hycrow's ghost (journeyman MiBe)
 12427 | Lair:6   | Killed bmj180's ghost
 12437 | Lair:6   | Killed Hycrow's ghost
 12441 | Lair:6   | Killed Borbor's ghost
 12452 | Lair:6   | Got a vibrating steel ring
 12560 | Lair:6   | Identified the ring of Pride {EV+2 Stlth+} (You found it on
                  | level 6 of the Lair of Beasts)
 13067 | D:10     | Entered Level 10 of the Dungeon
 14469 | D:11     | Gained mutation: Your magical capacity is low. (-10% MP)
                  | [potion of mutation]
 14469 | D:11     | Gained mutation: You have a beak for a mouth. [potion of
                  | mutation]
 14469 | D:11     | Gained mutation: Your spells are a little harder to cast,
                  | but a little more powerful. [potion of mutation]
 14470 | D:11     | Lost mutation: Your magical capacity is low. (-10% MP)
                  | [potion of mutation]
 14470 | D:11     | Lost mutation: Your spells are a little harder to cast, but
                  | a little more powerful. [potion of mutation]
 14470 | D:11     | Lost mutation: You have a beak for a mouth. [potion of
                  | mutation]
 14470 | D:11     | Gained mutation: Your movements are slightly less
                  | encumbered by armour. (ER -2) [potion of mutation]
 14470 | D:11     | Gained mutation: Your muscles are strong. (Str +2) [potion
                  | of mutation]
 14724 | D:12     | Found a staircase to the Orcish Mines.
 14907 | D:12     | Found a roughly hewn altar of Beogh.
 15024 | D:12     | Found Witzes's Gadget Emporium.
 15402 | Orc:1    | Entered Level 1 of the Orcish Mines
 15439 | Orc:1    | Found a frozen archway.
 15839 | Orc:1    | Reached ****** piety under Makhleb
 15982 | Orc:2    | Entered Level 2 of the Orcish Mines
 16050 | Orc:2    | Found a staircase to the Elven Halls.
 16192 | Orc:2    | Reached XP level 15. HP: 115/152 MP: 12/12
 16195 | Orc:2    | Reached skill level 15 in Fighting
 16199 | Orc:2    | Found Peizaehane's Antique Armour Emporium.
 16243 | Orc:2    | Found Muuron's Weapon Emporium.
 16244 | Orc:2    | Found Hafipt's Antique Weapon Shop.
 16246 | Orc:2    | Bought the +3 pair of gauntlets of War {Slay+5} for 1235
                  | gold pieces
 16246 | Orc:2    | Found the +3 pair of gauntlets of War {Slay+5}
 16265 | Orc:2    | Found Gaclis's General Store.
 16691 | D:13     | Found Vuzajaleipp's Gadget Shop.
 16737 | D:13     | Found Ipsuammi's Distillery.
 17000 | D:13     | Found Ucesat's Jewellery Shop.
 17003 | D:13     | Bought the ring "Oxotaot" {rC+ Str+6} for 870 gold pieces
 17003 | D:13     | Bought the ring "Kaiwkuw" {*Corrode rPois rC+ Stlth+} for
                  | 400 gold pieces
 17857 | D:14     | Found a gate to the Vaults.
 17973 | D:14     | Found Inu Belu's Jewellery Shoppe.
 17982 | D:14     | Reached skill level 15 in Armour
 18240 | D:14     | Found a flagged portal.
 18385 | D:14     | Noticed Frances
 18393 | D:14     | Killed Frances
 18556 | D:15     | Entered Level 15 of the Dungeon
 18556 | D:15     | Noticed Azrael
 18567 | D:14     | Killed Azrael
 19709 | D:15     | Found a runed translucent door.
 19709 | D:15     | Noticed a sphinx
 19709 | D:15     | Noticed a frost giant
 19872 | D:15     | Found a staircase to the Depths.
 20482 | Elf:1    | Entered Level 1 of the Elven Halls
 20620 | Elf:1    | Reached XP level 16. HP: 165/165 MP: 13/13
 20716 | Elf:1    | Reached skill level 16 in Fighting
 20753 | Elf:1    | Found Jity's Magic Scroll Boutique.
 20872 | Elf:1    | Noticed Asterion
 20878 | Elf:1    | Noticed an Executioner
 20897 | Elf:1    | Killed Asterion
 21670 | Elf:2    | Identified the +12 long sword "Itaumarei" {vamp, rC++ MR+
                  | Int+5}
 21723 | Elf:2    | Found a runed translucent gate.
 21723 | Elf:2    | Found a runed translucent gate.
 21723 | Elf:2    | Found a runed translucent gate.
 21862 | Elf:2    | Found a portal to a secret trove of treasure.
 22422 | Elf:2    | Reached XP level 17. HP: 175/175 MP: 10/10
 22750 | Swamp:1  | Entered Level 1 of the Swamp
 22900 | Swamp:1  | Reached skill level 17 in Fighting
 23567 | Swamp:2  | Noticed Donald
 23581 | Swamp:2  | Killed Donald
 24441 | Swamp:3  | Noticed Aizul
 24468 | Swamp:3  | Killed Aizul
 24552 | Swamp:3  | Noticed Mara
 24565 | Swamp:3  | Noticed davaitedunem's illusion
 24603 | Swamp:3  | Noticed davaitedunem's illusion
 24620 | Swamp:3  | Killed Mara
 24641 | Swamp:3  | Found a transporter.
 24668 | Swamp:3  | Found a transporter.
 24684 | Swamp:3  | Reached skill level 18 in Fighting
 25168 | Swamp:4  | Entered Level 4 of the Swamp
 25527 | Swamp:4  | Gained mutation: You passively map a large area around you.
                  | [Deep Dwarf growth]
 25527 | Swamp:4  | Reached XP level 18. HP: 180/189 MP: 10/10
 25704 | Swamp:4  | Found a transporter.
 25715 | Swamp:4  | Found a transporter.
 25716 | Swamp:4  | Noticed havocjr3's ghost (adept GnGl)
 25901 | Swamp:4  | Reached skill level 19 in Fighting
 26016 | Swamp:4  | Got a decaying rune of Zot
 26167 | Swamp:4  | Killed havocjr3's ghost
 26173 | Swamp:4  | Identified the Volume of Unstable Clay
 26533 | Elf:3    | Entered Level 3 of the Elven Halls
 27122 | Elf:3    | Found Oqathut's Antique Armour Shoppe.
 27171 | Elf:3    | Noticed an Ice Fiend
 27252 | Elf:3    | Noticed a Tzitzimitl
 27273 | Elf:3    | Reached skill level 20 in Fighting
 27368 | Elf:3    | Identified the Guide on the Fetching Arsonist
 27478 | Elf:3    | Got a fine plate armour
 27508 | Elf:3    | Identified the cursed +1 plate armour of Objectivity {rPois
                  | Int+4 Dex+3 SInv} (You found it on level 3 of the Elven
                  | Halls)
 27520 | Elf:3    | Got a heavily runed plate armour
 27526 | Elf:3    | Identified the +3 plate armour of the Alphagorgon {Str+4}
                  | (You found it on level 3 of the Elven Halls)
 27609 | Elf:3    | Got a warped bone ring
 27632 | Elf:3    | Identified the ring "Ecsuh" {+Blink rN+ Str-5 Dex+6} (You
                  | found it on level 3 of the Elven Halls)
 27655 | Elf:3    | Identified the Incunabulum of the Enthralling Compass
 28781 | Snake:1  | Entered Level 1 of the Snake Pit
 29350 | Snake:1  | Noticed Roxanne
 29398 | Snake:1  | Killed Roxanne
 29408 | Snake:1  | Found a large runed translucent door.
 29408 | Snake:1  | Found a large runed translucent door.
 29412 | Snake:1  | Noticed Pamyhut's ghost (adept MiBe)
 29431 | Snake:1  | Killed Pamyhut's ghost
 29431 | Snake:1  | Reached skill level 1 in Dodging
 29723 | Snake:2  | Reached XP level 19. HP: 204/204 MP: 11/11
 29985 | Snake:2  | Identified the ring "Miupal" {-Tele rC- rN+++ Str+10 Int+3}
 31628 | Snake:4  | Entered Level 4 of the Snake Pit
 31680 | Snake:4  | Reached skill level 5 in Shields
 31737 | Snake:4  | Reached skill level 21 in Fighting
 31873 | Snake:4  | Reached skill level 5 in Dodging
 32364 | Snake:4  | Got a serpentine rune of Zot
 32803 | Vaults:1 | Entered Level 1 of the Vaults
 32810 | Vaults:1 | Found Pagi's Antique Armour Boutique.
 32834 | Vaults:1 | Bought a shiny helmet for 255 gold pieces
 33137 | Vaults:1 | Gained mutation: You are clumsy. (Dex -2) [a cacodemon]
 33346 | Vaults:1 | Found Jeyloor's Book Boutique.
 33400 | Vaults:1 | Found Gimuhous's Antique Armour Shop.
 33409 | Vaults:1 | Bought a pair of glowing boots for 232 gold pieces
 33467 | Vaults:1 | Found Geun Ci Voo's Assorted Antiques.
 33475 | Vaults:1 | Bought a jewelled helmet for 456 gold pieces
 33485 | Vaults:1 | Identified the +1 helmet "Vefos" {Int+6 Dex-5} (You bought
                  | it in a shop on level 1 of the Vaults)
 33493 | Vaults:1 | Found Naofisu's Weapon Shop.
 34138 | Vaults:2 | Reached XP level 20. HP: 217/217 MP: 10/10
 34617 | Vaults:2 | Found a staircase to the Crypt.
 35060 | Vaults:2 | You are sucked into a shaft for 2 floors!
 35070 | Vaults:4 | Reached skill level 22 in Fighting
 35204 | Vaults:4 | Identified Funtu's Disquisition on the Unholy Frostbite
 35314 | Vaults:4 | Reached skill level 10 in Shields
 35330 | Vaults:4 | Gained mutation: Your body sometimes deteriorates upon
                  | taking damage. [a cacodemon]
 35341 | Vaults:4 | Gained mutation: Your magical capacity is low. (-10% MP) [a
                  | cacodemon]
 35343 | Vaults:4 | Gained mutation: Potions are less effective at restoring
                  | your health. [a cacodemon]
 35347 | Vaults:4 | Gained mutation: Armour fits poorly on your strangely
                  | shaped body. [a cacodemon]
 35899 | Vaults:4 | Reached skill level 10 in Dodging
 35944 | Vaults:4 | Reached XP level 21. HP: 200/228 MP: 7/7
 35984 | Vaults:4 | Found Nyolef's Distillery.
 36777 | Vaults:3 | Reached skill level 23 in Fighting
 36964 | Vaults:3 | Found a runed translucent door.
 36964 | Vaults:3 | Noticed Anosyof's ghost (adept CeHu)
 36990 | Vaults:3 | Killed Anosyof's ghost
 36995 | Vaults:3 | Identified Enaucw's Disquisition on Dislocated Dark Rituals
 38003 | Vaults:5 | Entered Level 5 of the Vaults
 38087 | Vaults:5 | Reached XP level 22. HP: 229/241 MP: 8/8
 38354 | Vaults:5 | Got a crystal broad axe
 38355 | Vaults:5 | Identified the +8 broad axe of Dejom {venom, *Rage +Rage
                  | rC+ Str+2} (You found it on level 5 of the Vaults)
 38359 | Vaults:5 | Got an ancient lapis lazuli ring
 38363 | Vaults:5 | Identified the ring of the Middle {rPois rC+} (You found it
                  | on level 5 of the Vaults)
 38491 | Vaults:5 | Reached skill level 24 in Fighting
 38688 | Vaults:5 | Noticed a golden dragon
 38703 | Vaults:5 | Killed a golden dragon
 39291 | Vaults:5 | Identified the +5 whip of the Final Chapter {venom, +Fly
                  | Int+5}
 39295 | Vaults:5 | Identified the +6 mace of Guile {freeze, rN+}
 39390 | Vaults:5 | Reached XP level 23. HP: 253/253 MP: 9/9
 39834 | Vaults:5 | Got a silver rune of Zot
 40077 | Depths:1 | Entered Level 1 of the Depths
 40199 | Depths:1 | Found a gateway to Hell.
 40455 | Depths:1 | Reached skill level 15 in Shields
 40457 | Depths:1 | Reached skill level 25 in Fighting
 40873 | Depths:1 | Got a heavily runed glass ring
 40880 | Depths:1 | Identified the ring of Tuageuxt {rF+ Int+3 Stlth-} (You
                  | found it on level 1 of the Depths)
 40999 | Depths:1 | Noticed Saint Roka
 41014 | Depths:1 | Killed Saint Roka
 41118 | Depths:2 | Noticed a juggernaut
 41128 | Depths:2 | Killed a juggernaut
 41135 | Depths:2 | Reached skill level 15 in Dodging
 41190 | Depths:2 | Got a sparkling granite ring
 41226 | Depths:2 | Identified the cursed ring "Wotiyrph" {*Drain rF+ Str+4
                  | Dex-6 Slay+3} (You found it on level 2 of the Depths)
 41437 | Depths:2 | Found an opulent altar of Gozag.
 41438 | Depths:2 | Found a bloodstained altar of Trog.
 41438 | Depths:2 | Found a shimmering altar of Xom.
 41438 | Depths:2 | Found a glowing silver altar of Zin.
 41457 | Depths:2 | Identified a scroll of acquirement
 41476 | Depths:2 | Got an encrusted cloak
 41485 | Depths:2 | Found a one-way gate to the infinite horrors of the Abyss.
 41496 | Depths:2 | Identified the +0 cloak of Vehumet's Vengeance {rC++ SInv}
                  | (You acquired it on level 2 of the Depths)
 41640 | Depths:2 | You are sucked into a shaft for 2 floors!
 41640 | Depths:4 | Noticed Frederick
 41659 | Depths:4 | Killed Frederick
 41659 | Depths:4 | Reached XP level 24. HP: 265/265 MP: 9/9
 42235 | Depths:4 | Noticed a juggernaut
 42249 | Depths:4 | Killed a juggernaut
 42272 | Depths:4 | Reached skill level 26 in Fighting
 42292 | Depths:4 | Gained mutation: You are dopey. (Int -2) [a shining eye]
 42940 | Depths:4 | Found a shimmering altar of Xom.
 43082 | Depths:3 | Noticed Xtahua
 43098 | Depths:3 | Killed Xtahua
 43109 | Depths:3 | Reached XP level 25. HP: 278/278 MP: 9/9
 43187 | Depths:3 | Noticed a juggernaut
 43202 | Depths:3 | Killed a juggernaut
 43279 | Depths:3 | Noticed an ancient lich
 43280 | Depths:3 | Found a gateway to a ziggurat.
 43342 | Depths:3 | Killed an ancient lich
 43400 | Depths:3 | Found a magical portal.
 43438 | Depths:3 | Found a one-way gate leading to the halls of Pandemonium.
 43527 | Depths:3 | Found a shadowy altar of Dithmenos.
 43819 | Depths:3 | Found a glowing golden altar of the Shining One.
 44040 | Depths:2 | Found the +8 demon blade "Leech" {vamp, rN+ AC-3 EV-3}
 44363 | Depths:5 | Entered Level 5 of the Depths
 44606 | Depths:5 | Reached skill level 27 in Fighting
 44721 | Depths:5 | Noticed a juggernaut
 44731 | Depths:5 | Killed a juggernaut
 44910 | Depths:5 | Found a gate to the Realm of Zot.
 45352 | Zot:1    | Entered Level 1 of the Realm of Zot
 45629 | Zot:1    | Noticed an orb of fire
 45629 | Zot:1    | Gained mutation: Your body often deteriorates upon taking
                  | damage. [an orb of fire]
 45630 | Zot:1    | Gained mutation: Your magical capacity is very low. (-20%
                  | MP) [an orb of fire]
 45634 | Zot:1    | Gained mutation: Your spells are a little easier to cast,
                  | but a little less powerful. [an orb of fire]
 45639 | Zot:1    | Gained mutation: Scrolls take you a little longer to read.
                  | [an orb of fire]
 45647 | Zot:1    | Gained mutation: Your magical capacity is extremely low.
                  | (-30% MP) [an orb of fire]
 45651 | Zot:1    | Gained mutation: You are very dopey. (Int -4) [an orb of
                  | fire]
 45657 | Zot:1    | Killed an orb of fire
 45707 | Zot:1    | Reached XP level 26. HP: 150/290 MP: 3/3
 47803 | Zot:4    | Reached XP level 27. HP: 298/298 MP: 3/3
 48782 | Zot:4    | Got a smoking ring mail
 48793 | Zot:4    | Identified the +1 ring mail of the Country {*Drain rF+
                  | Int+4 SInv} (You acquired it on level 4 of the Realm of
                  | Zot)
 49935 | Zot:5    | Entered Level 5 of the Realm of Zot
 49935 | Zot:5    | Noticed an orb of fire
 49938 | Zot:5    | Noticed an orb of fire
 49962 | Zot:5    | Lost mutation: Your muscles are strong. (Str +2) [an orb of
                  | fire]
 49966 | Zot:5    | Mangled by an Orb Guardian

Skill      XL: |  1  2  3  4  5  6  7  8  9 10 11 12 13 14 15 16 17 18 19 20 21 22 23 24 25 26 27 |
---------------+----------------------------------------------------------------------------------+-----
Axes           | 3 4 5 7 8 10 12 14 16 17 | 17.7
Fighting       | 3 4 5 6 8 9 10 12 14 15 16 18 20 21 22 23 24 25 26 27 | 27.0
Invocations    | 6 10 | 10.0
Armour         | 10 14 16 19 20 | 20.0
Dodging        | 2 7 10 12 13 15 16 18 21 | 21.7
Shields        | 4 8 10 12 14 15 17 19 21 | 21.9

Action                   |  1- 3 |  4- 6 |  7- 9 | 10-12 | 13-15 | 16-18 | 19-21 | 22-24 | 25-27 || total
-------------------------+-------+-------+-------+-------+-------+-------+-------+-------+-------++-------
Melee: War axe           |   111 |   116 |       |   508 |  1129 |  1371 |  1376 |   152 |       ||  4763
       Broad axe         |       |    61 |   448 |    40 |       |       |       |  1115 |  1070 ||  2734
       Whip              |       |       |       |       |    33 |   181 |       |       |       ||   214
       Unarmed           |       |       |       |       |       |       |       |       |    20 ||    20
Throw: Tomahawk          |       |       |     3 |     9 |     9 |       |       |       |       ||    21
       Javelin           |       |       |       |     2 |    31 |    62 |    12 |       |       ||   107
Invok: Minor Destruction |       |       |       |    46 |    33 |     3 |       |       |       ||    82
       Lesser Servant of |       |       |       |    15 |    25 |       |     4 |       |       ||    44
       Major Destruction |       |       |       |     2 |     8 |    15 |     2 |     3 |       ||    30
       Greater Servant o |       |       |       |       |     5 |    12 |    16 |       |     1 ||    34
 Abil: Heal Wounds       |     1 |     3 |    15 |    21 |    15 |    21 |     7 |     4 |     5 ||    92
       Evoke Berserk Rag |       |       |       |       |     1 |       |       |     1 |       ||     2
       Evoke Flight      |       |       |       |       |       |     3 |       |       |       ||     3
Evoke: Wand              |       |       |       |       |       |     1 |       |       |     1 ||     2
  Use: Scroll            |       |     6 |     3 |    11 |    25 |     9 |     6 |     3 |     3 ||    66
       Potion            |       |       |     2 |     2 |     2 |     1 |     4 |       |     3 ||    14
 Stab: Distracted        |       |       |       |     5 |     5 |     4 |     4 |       |       ||    18
       Confused          |       |       |       |       |       |     1 |       |       |       ||     1
  Eat: Chunk             |     1 |     5 |    14 |    15 |    27 |    24 |    21 |    13 |    21 ||   141
       Ration            |       |       |     1 |       |     3 |     3 |     2 |     2 |     1 ||    12
Armor: Scale mail        |    49 |    73 |   144 |       |       |       |       |       |       ||   266
       Chain mail        |       |       |   146 |    19 |       |       |       |       |       ||   165
       Plate armour      |       |       |       |   253 |   566 |  1466 |   464 |   440 |   416 ||  3605
       Skin              |       |       |       |       |       |       |       |       |     6 ||     6
Dodge: Dodged            |    39 |    50 |   154 |    91 |   181 |   420 |   225 |   302 |   334 ||  1796
Block: Shield            |    57 |    90 |   266 |   255 |   686 |  1257 |    14 |       |       ||  2625
       Reflection        |       |       |       |       |    27 |    68 |   167 |   116 |    66 ||   444
       Large shield      |       |       |       |       |       |       |  1463 |  1622 |  1558 ||  4643
